 Dungeon Crawl Stone Soup version 0.19.4-9-g45fd643 (webtiles) character file.

8402 vatarom the Protected (level 11, -1/91 HPs)
             Began as a Hill Orc Fighter on Feb 20, 2017.
             Was a Believer of Beogh.
             Slain by a redback (4 damage)
             ... on level 2 of the Lair of Beasts.
             The game lasted 00:20:03 (11430 turns).

vatarom the Protected (Hill Orc Fighter)           Turns: 11430, Time: 00:20:04

Health: -1/91      AC: 14    Str: 20    XL:     11   Next: 30%
Magic:  25/25      EV: 11    Int:  9    God:    Beogh [**....]
Gold:   184        SH: 10    Dex: 15    Spells: 0 memorised, 10 levels left

rFire  . . .     SeeInvis .     a - +2 war axe
rCold  . . .     Gourm    .     w - +2 chain mail {rPois}
rNeg   . . .     Faith    .     c - +0 shield
rPois  +         Spirit   .     (no helmet)
rElec  .         Reflect  .     (no cloak)
rCorr  .         Harm     .     m - +0 pair of gloves (curse)
MR     .....                    (no boots)
Stlth  ..........               p - amulet of rage
                                s - +3 ring of dexterity
                                q - ring of magical power

@: very slightly contaminated
A: no striking features
a: Smiting, Renounce Religion, Evoke Berserk Rage


You were on level 2 of the Lair of Beasts.
You worshipped Beogh.
Beogh was pleased with you.
You were not hungry.

You visited 3 branches of the dungeon, and saw 13 of its levels.

You collected 443 gold pieces.
You spent 259 gold pieces at shops.

Inventory:

Hand Weapons
 a - a +2 war axe (weapon)
 v - a +0 giant club
Missiles
 l - 6 tomahawks (quivered)
 x - 7 arrows
Armour
 c - a +0 shield (worn)
 m - a cursed +0 pair of gloves (worn)
 w - a +2 chain mail of poison resistance (worn)
Jewellery
 p - an amulet of rage (around neck)
 q - a ring of magical power (left hand)
 s - a +3 ring of dexterity (right hand)
Wands
 e - a wand of teleportation (6/9)
 r - a wand of teleportation (4/9)
 B - a wand of flame (20/48)
 C - a wand of disintegration (13/24)
Scrolls
 d - 2 scrolls of remove curse
 h - 9 scrolls of identify
 n - a scroll of blinking
 t - 2 scrolls of fog
 y - a scroll of amnesia
 z - a scroll of silence
Potions
 b - a potion of might
 o - a potion of flight
 u - 2 potions of cancellation
Comestibles
 f - 8 bread rations
 g - a beef jerky
 i - 2 slices of pizza
 j - a royal jelly
 k - 5 meat rations
 A - 3 fruits


   Skills:
 + Level 6.5 Fighting
 - Level 9.1 Axes
 - Level 9.4 Armour
 - Level 9.2 Dodging
 - Level 5.1 Shields
 * Level 7.8 Invocations


You had 10 spell levels left.
You didn't know any spells.

Dungeon Overview and Level Annotations

Branches:
Dungeon (10/15)            Temple (1/1) D:4            Lair (2/6) D:9
  Swamp: Lair:2-4    Shoals: Lair:2-4     Snake: Lair:2-4    Spider: Lair:2-4
    Orc: D:9-12

Altars:
Ashenzari
Cheibriados
Dithmenos
Elyvilon
Fedhas
Gozag
Hepliaklqana
Kikubaaqudgha
Makhleb
Nemelex Xobeh
Okawaru
Qazlal
Ru
Sif Muna
Trog
Uskayaw
Vehumet
Xom
Yredelemnul
Zin
The Shining One

Shops:
D:6 *   D:9 %

Annotations:
D:3 1 runed door


Message History

Blink to where?
Press: ? - help, Dir - move target cursor You are very lightly contaminated with residual magic.
As you read the scroll labeled AHILAPORID, it crumbles to dust.
It was a scroll of blinking.
You climb downwards.
A redback comes into view.
You found a web!
Found 20 gold pieces.
There is a stone staircase leading up here.
Unknown command.
You can't go down here!
A redback is nearby!
Your shield and chain mail prevent you from hitting the redback.
The redback bites you.
* * * LOW HITPOINT WARNING * * *
You hit the redback.
The redback is lightly wounded.
You block the redback's attack. The redback bites you.
You die...

...##. .........
......##........
.......#.......
#$...^#......
..........##
#.......P#
#.s....# #@.<..#
#...### #..##
....# .....#
....P#.#
##..#### #..


You could see a redback.

Vanquished Creatures
  A hill giant (D:10)
  Pikel (D:6)
  An ugly thing (D:10)
  A spiny frog (Lair:1)
  A komodo dragon (Lair:1)
  A two-headed ogre (D:8)
  4 hippogriffs
  Grinder (D:4)
  The ghost of Feta the Destroyer, an amateur TeCj (D:5)
  Sigmund (D:2)
  A spriggan (D:7)
  A wraith (D:10)
  A wyvern (D:9)
  2 basilisks (Lair:1)
  A steam dragon (D:8)
  Menkaure (D:6)
  Edmund (D:6)
  2 water moccasins
  Duvessa (D:5)
  2 orc warriors (D:9)
  2 ice beasts (D:5)
  A necrophage (D:9)
  2 phantoms
  6 centaurs
  3 ogres
  3 bullfrogs
  Dowan (D:5)
  2 scorpions (D:7)
  16 killer bees
  4 wights (D:8)
  A howler monkey (D:5)
  A centaur zombie (D:7)
  5 crimson imps
  A bullfrog zombie (D:5)
  3 jellies
  2 centaur skeletons
  2 orc priests
  4 hounds
  4 orc wizards
  A bullfrog skeleton (D:6)
  An iguana (D:5)
  6 worker ants
  15 gnolls
  A howler monkey skeleton (D:4)
  12 adders
  2 shadow imps (D:9)
  An adder zombie (D:9)
  2 adder skeletons (D:4)
  3 worms
  4 dart slugs
  5 leopard geckos
  33 orcs
  A ball python (D:6)
  14 giant cockroaches
  6 goblins
  9 hobgoblins
  14 jackals
  8 kobolds
  6 quokkas
  9 bats
  6 frilled lizards
  A jackal skeleton (D:4)
  A jackal zombie (D:5)
  A leopard gecko skeleton (D:4)
  A quokka zombie (D:5)
  11 rats
263 creatures vanquished.

Vanquished Creatures (others)
  A wizard (D:8)
  A fungus (Lair:1)
2 creatures vanquished.

Grand Total: 265 creatures vanquished

Notes
Turn   | Place    | Note
-------+----------+-------------------------------------------
     0 | D:1      | vatarom the Hill Orc Fighter began the quest for the Orb.
     0 | D:1      | Reached XP level 1. HP: 19/19 MP: 1/1
    76 | D:1      | Reached XP level 2. HP: 26/26 MP: 2/2
   344 | D:1      | Found a snail-covered altar of Cheibriados.
   364 | D:1      | Reached XP level 3. HP: 31/31 MP: 3/3
   594 | D:2      | Noticed Sigmund
   611 | D:2      | Killed Sigmund
   611 | D:2      | Reached skill level 5 in Axes
   611 | D:2      | Reached skill level 5 in Shields
   611 | D:2      | Reached XP level 4. HP: 9/39 MP: 4/4
   611 | D:2      | Reached XP level 5. HP: 11/45 MP: 5/5
  1842 | D:3      | Reached skill level 1 in Dodging
  1857 | D:3      | Found a faded altar of an unknown god.
  1873 | D:3      | Reached XP level 6. HP: 48/51 MP: 6/6
  2183 | D:3      | Found a sparkling altar of Nemelex Xobeh.
  2382 | D:3      | Found a runed door.
  3092 | D:4      | Noticed Grinder
  3101 | D:4      | Paralysed by Grinder for 4 turns
  3107 | D:4      | Killed Grinder
  3107 | D:4      | Reached XP level 7. HP: 57/57 MP: 7/7
  3113 | D:4      | Found a sacrificial altar of Ru.
  3113 | D:4      | Found a hazy altar of Hepliaklqana.
  3114 | D:4      | Found a shimmering altar of Xom.
  3300 | D:4      | Found a staircase to the Ecumenical Temple.
  3321 | Temple   | Entered the Ecumenical Temple
  3372 | D:4      | Reached skill level 5 in Dodging
  3600 | D:5      | Entered Level 5 of the Dungeon
  3625 | D:5      | Noticed Feta's ghost (amateur TeCj)
  3665 | D:5      | Killed Feta's ghost
  3665 | D:5      | Reached XP level 8. HP: 18/64 MP: 8/8
  4021 | D:5      | Noticed Dowan
  4023 | D:5      | Noticed Duvessa
  4036 | D:5      | Killed Duvessa
  4048 | D:5      | Killed Dowan
  4556 | D:6      | Noticed Menkaure
  4832 | D:6      | Killed Menkaure
  5050 | D:6      | Reached XP level 9. HP: 32/70 MP: 9/9
  5211 | D:6      | Noticed Pikel
  5230 | D:6      | Killed Pikel
  5592 | D:6      | Found a basalt altar of Yredelemnul.
  5616 | D:6      | Noticed Edmund
  5630 | D:6      | Killed Edmund
  6204 | D:6      | Found Ickey's Serpentskin Sales.
  6218 | D:6      | Bought a +2 chain mail of poison resistance for 259 gold pieces
  6721 | D:7      | Found a blossoming altar of Fedhas.
  6760 | D:7      | Found a radiant altar of Vehumet.
  6849 | D:7      | Found a white marble altar of Elyvilon.
  6908 | D:7      | Reached skill level 5 in Armour
  7579 | D:7      | Reached XP level 10. HP: 56/77 MP: 10/10
  8046 | D:8      | Found a bloodstained altar of Trog.
  8047 | D:8      | Noticed a wizard
  8052 | D:8      | Killed a wizard
  8098 | D:8      | Became a worshipper of Beogh the Brigand
  8358 | D:9      | Found a staircase to the Lair.
  8917 | D:9      | Reached * piety under Beogh
  9321 | D:9      | Found Iryush's Food Shoppe.
  9343 | D:9      | Reached skill level 1 in Invocations
  9604 | D:10     | Entered Level 10 of the Dungeon
  9686 | D:10     | Noticed a hill giant
  9709 | D:10     | Killed a hill giant
  9750 | D:10     | Reached skill level 5 in Fighting
  9775 | D:10     | Reached skill level 5 in Invocations
  9775 | D:10     | Reached XP level 11. HP: 47/86 MP: 14/14
  9779 | D:10     | Reached ** piety under Beogh
 10485 | D:10     | Noticed a purple ugly thing
 10507 | D:10     | Killed a purple ugly thing
 10632 | Lair:1   | Entered Level 1 of the Lair of Beasts
 11429 | Lair:2   | HP: 2/91 [redback (6)]
 11430 | Lair:2   | Slain by a redback

Skill      XL: |  1  2  3  4  5  6  7  8  9 10 11 |
---------------+----------------------------------+-----
Axes           | 3 5 6 7 9 |  9.1
Shields        | 5 |  5.1
Dodging        | 1 4 5 8 9 |  9.2
Armour         | 6 9 |  9.4
Invocations    | 5 7 |  7.8
Fighting       | 5 6 |  6.5

Action                   |  1- 3 |  4- 6 |  7- 9 | 10-12 || total
-------------------------+-------+-------+-------+-------++-------
Melee: War axe           |    62 |   188 |   408 |   515 ||  1173
Throw: Tomahawk          |       |       |     1 |     3 ||     4
       Throwing net      |       |       |       |     3 ||     3
Invok: Convert to Beogh  |       |       |       |     1 ||     1
       Smiting           |       |       |       |     1 ||     1
 Abil: Evoke Berserk Rag |       |       |       |     2 ||     2
  Use: Scroll            |     3 |     6 |     4 |     3 ||    16
       Potion            |     2 |     5 |     7 |     9 ||    23
 Stab: Held in net/web   |       |       |       |     3 ||     3
  Eat: Chunk             |       |     7 |     7 |     3 ||    17
       Bread ration      |       |       |     2 |     2 ||     4
       Beef jerky        |       |       |       |     2 ||     2
Armor: Scale mail        |    28 |    61 |    73 |       ||   162
       Chain mail        |       |       |    88 |   276 ||   364
Dodge: Dodged            |    20 |    55 |   232 |   289 ||   596
Block: Shield            |    36 |    90 |   247 |   323 ||   696
